Map: Eternal Empire LE

Players

prospeKt

  • Race: Zerg Zerg
  • League: Platinum
  • Spawn Location: 1:00

EVA - Winner!

  • Race: Terran Terran
  • League: Diamond
  • Spawn Location: 7:00

VOD

Have the link to the VOD?

Description

Time

  • Played on: June 12, 2020, 11:52 a.m.
  • Length: 18:38
Show
View Real Time Build Order
Export as new Build Order

prospeKt Zerg 

Build Orders: Hatch First, Roach Hydra 

Get SALT Encoding   

  12  0:01  Drone  
  13  0:12  Overlord  
  13  0:17  Drone  
  14  0:30  Drone x2  
  16  0:35  Drone  
  17  0:54  Hatchery  
  16  0:57  Drone  
  17  1:12  Drone x2  
  17  1:17  Drone  
  20  1:21  Extractor  
  19  1:28  Drone  
  20  1:40  Overlord  
  20  1:54  Drone  
  22  2:01  Drone  
  22  2:07  Drone  
  23  2:12  Spawning Pool  
  23  2:15  Drone  
  23  2:19  Drone  
  24  2:26  Drone  
  24  2:27  Hatchery  
  24  2:34  Overlord x2  
  23  2:40  Drone  
  22  2:45  Drone  
  22  2:51  Drone  
  22  3:02  Zergling x4, Queen  
  22  3:04  Queen  
  27  3:11  Drone x2  
  29  3:17  Drone  
  30  3:29  Drone x2  
  32  3:39  Lair  
  32  3:40  Overlord  
  32  3:41  Drone  
  32  3:42  Drone  
  34  3:50  Queen  
  34  3:54  Drone x3  
  39  4:02  Drone x3  
  41  4:04  Drone  
  42  4:12  Drone  
  42  4:13  Drone  
  44  4:24  Roach Warren  
  44  4:29  Evolution Chamber  
  42  4:32  Evolution Chamber, Drone x5  
  42  4:35  Overlord  
  46  4:39  Drone  
  46  4:40  Drone  
  46  5:05  Roach  
  46  5:06  Roach x9  
  64  5:12  Zerg Missile Weapons Level 1  
  64  5:14  Glial Reconstitution  
  64  5:16  Extractor  
  64  5:18  Drone  
  64  5:19  Drone  
  64  5:20  Extractor  
  64  5:40  Drone x2  
  64  5:41  Overlord x4  
  66  6:04  Drone  
  66  6:05  Drone x7  
  66  6:09  Overseer  
  72  6:26  Queen  
  71  6:46  Queen  
  71  6:47  Queen  
  73  6:56  Hydralisk Den  
  73  6:57  Spore Crawler  
  69  7:02  Queen  
  71  7:09  Spore Crawler  
  71  7:12  Spore Crawler  
  69  7:26  Extractor  
  66  7:34  Hydralisk  
  66  7:35  Hydralisk x9  
  86  7:41  Hatchery  
  86  7:42  Grooved Spines  
  85  7:53  Drone x3  
  88  8:08  Zergling x4  
  88  8:09  Drone x2  
  92  8:13  Zerg Missile Weapons Level 2  
  92  8:16  Overlord x3  
  92  8:27  Overseer  
  92  8:38  Hatchery  
  92  8:40  Drone x4  
  92  8:41  Drone x2  
  97  8:53  Muscular Augments  
  97  9:11  Hydralisk  
  97  9:12  Hydralisk x9  
  113  9:40  Hydralisk  
  113  9:41  Hydralisk x3  
  113  9:42  Overlord x6  
  121  9:49  Extractor  
  121  9:50  Extractor  
  119  9:57  Drone x4  
  123  10:10  Overlord x2  
  123  10:15  Hydralisk x6  
  135  10:27  Drone  
  133  10:51  Drone x11  
  133  10:52  Hydralisk x5  
  154  11:02  Infestation Pit  
  153  11:17  Hydralisk x3  
  153  11:18  Hydralisk x8  
  175  11:26  Lurker Den  
  175  11:27  Drone x6  
  180  11:43  Hydralisk  
  180  11:46  Hatchery  
  181  11:47  Overlord x3  
  181  11:48  Overlord x2  
  131  12:17  Hatchery, Hydralisk x6  
  135  12:31  Hydralisk x2  
  97  12:52  Overseer  
  97  13:17  Hydralisk  
  97  13:18  Hydralisk x5  
  109  13:22  Hatchery  
  108  13:34  Drone x4  
  112  13:57  Hydralisk x7  
  112  13:58  Hydralisk  
  112  14:01  Drone x2  
  130  14:13  Extractor  
  130  14:14  Extractor  
  130  14:16  Drone  
  129  14:17  Drone x5  
  129  14:18  Drone  
  129  14:21  Hatchery  
  134  14:48  Hydralisk  
  134  14:49  Hydralisk x11  
  158  14:59  Hive  
  158  15:14  Hydralisk x12  
  182  15:23  Lurker x2  
  182  15:24  Lurker x2  
  176  15:47  Hydralisk x5  
  186  16:09  Hydralisk x3  
  186  16:10  Hydralisk x3  
  179  16:25  Drone  
  179  16:26  Drone x15  
  193  16:44  Drone x4  
  193  16:45  Drone x4  
  190  16:54  Lurker x2  
  190  16:55  Lurker x2  
  190  16:57  Hatchery  
  193  17:06  Adaptive Talons  
  156  17:27  Hydralisk x4  
  124  17:58  Hydralisk x5  
Show
View Real Time Build Order
Export as new Build Order

EVA Terran - Winner!

Build Orders: Reaper Expand, Hellion Banshee 

Get SALT Encoding   

  12  0:00  SCV  
  13  0:13  SCV  
  14  0:17  Supply Depot  
  14  0:25  SCV  
  15  0:39  SCV  
  15  0:41  Barracks  
  16  0:45  Refinery  
  16  0:52  SCV  
  17  1:04  SCV  
  18  1:16  SCV  
  19  1:29  Orbital Command  
  19  1:30  Reaper  
  20  1:42  Command Center  
  20  1:52  Supply Depot  
  20  1:54  SCV  
  21  2:02  Marine  
  22  2:14  SCV  
  23  2:19  Factory  
  23  2:20  Refinery  
  23  2:30  Barracks Reactor  
  23  2:38  SCV  
  24  2:50  SCV  
  25  3:02  SCV  
  26  3:14  Orbital Command  
  26  3:17  Starport  
  26  3:35  Hellion  
  26  3:36  Hellion  
  26  3:37  Barracks Tech Lab  
  30  3:41  SCV  
  30  3:45  SCV  
  32  3:55  SCV  
  33  3:58  SCV  
  34  4:03  Barracks Tech Lab  
  34  4:05  Hellion x2  
  34  4:07  Cloaking Field  
  34  4:09  Banshee  
  41  4:15  SCV x2  
  41  4:16  Command Center  
  43  4:21  Supply Depot x2  
  43  4:27  SCV x2  
  45  4:35  Stimpack  
  45  4:43  SCV x2, Hellion x2  
  51  4:55  SCV x2  
  53  5:07  Banshee, SCV  
  57  5:19  SCV  
  58  5:25  SCV  
  58  5:26  Marine  
  60  5:29  Engineering Bay  
  60  5:31  SCV  
  61  5:37  SCV  
  60  5:42  Orbital Command  
  60  5:44  Marauder, Bunker  
  60  5:46  Widow Mine x2  
  66  5:54  SCV  
  67  6:00  Banshee  
  70  6:06  Marauder  
  70  6:08  Refinery  
  70  6:10  Refinery  
  72  6:13  SCV  
  73  6:27  SCV  
  74  6:36  Combat Shield, Marauder  
  76  7:05  Supply Depot x2  
  76  7:08  Barracks  
  76  7:09  Barracks  
  76  7:10  Barracks  
  76  7:26  Banshee  
  76  7:27  Marauder  
  81  7:35  Terran Infantry Weapons Level 1  
  81  7:41  Orbital Command  
  81  7:45  SCV x2  
  81  7:48  Supply Depot  
  81  7:49  Supply Depot  
  83  8:01  SCV x2  
  83  8:04  Concussive Shells  
  83  8:05  Barracks Reactor x2  
  85  8:11  Barracks Tech Lab  
  85  8:13  SCV x2, Engineering Bay  
  87  8:25  SCV x3  
  92  8:27  Marauder  
  92  8:33  Marauder  
  94  8:37  SCV  
  95  8:50  Marine x2, SCV x2  
  95  8:51  Marine x2, Marauder  
  95  8:52  Medivac x2  
  95  8:55  Marauder  
  109  9:15  Supply Depot  
  109  9:16  Supply Depot  
  109  9:17  Supply Depot  
  109  9:18  Supply Depot  
  109  9:28  Marine, SCV x2  
  109  9:33  Terran Infantry Armor Level 1  
  109  9:36  Marine, Marauder x2, Siege Tank  
  109  9:37  Marine x2, SCV, Supply Depot  
  120  9:39  Supply Depot  
  120  9:41  SCV x2  
  120  9:43  Refinery  
  120  9:45  Refinery  
  122  9:46  Marine  
  122  9:48  Supply Depot  
  122  9:49  SCV  
  122  9:50  Medivac, Supply Depot  
  122  9:51  Medivac  
  128  9:54  Marine  
  128  9:57  Supply Depot  
  128  9:58  Marauder x2  
  128  9:59  Armory  
  133  10:15  Marine x4  
  133  10:17  Sensor Tower  
  133  10:19  Marauder x2  
  141  10:23  Barracks  
  141  10:24  Barracks  
  141  10:33  Marine x4  
  142  10:41  Marauder x2  
  146  10:45  Medivac, Siege Tank  
  146  10:46  Medivac  
  150  10:51  Marine x3  
  150  10:54  Marine  
  154  11:01  Terran Vehicle Weapons Level 1  
  154  11:02  Marauder x2  
  158  11:08  Marine x2  
  158  11:09  Marine  
  161  11:11  Marine  
  161  11:12  Marine x2  
  164  11:23  Marauder x2  
  168  11:26  Command Center  
  168  11:27  Terran Infantry Armor Level 2  
  168  11:30  Terran Infantry Weapons Level 2  
  168  11:32  SCV x2  
  170  11:33  Marine x2  
  170  11:34  Marine x4  
  170  11:35  Medivac, Siege Tank  
  133  12:23  Command Center  
  122  12:45  Marine x3  
  122  12:46  Marine x2  
  122  12:47  Marine, Marauder  
  122  12:48  Medivac, Marauder  
  107  12:51  Medivac, Siege Tank  
  104  13:03  Marine x5  
  104  13:04  Marine  
  110  13:08  Marauder  
  110  13:09  Marauder  
  110  13:17  Command Center, Supply Depot  
  110  13:18  Medivac, Supply Depot x2  
  110  13:19  Supply Depot  
  112  13:20  Marine  
  112  13:21  Marine x4  
  112  13:22  Marine  
  118  13:27  Sensor Tower  
  118  13:32  Marauder x2, Siege Tank  
  125  13:34  Orbital Command  
  125  13:38  Refinery, Marine  
  125  13:39  Marine x4  
  125  13:40  Marine  
  131  13:54  Marauder x2  
  135  13:56  Marine  
  135  13:57  Marine x2  
  135  14:00  Missile Turret, Barracks Reactor  
  135  14:01  Barracks Tech Lab  
  138  14:04  Marine  
  138  14:06  Siege Tank  
  142  14:10  Supply Depot  
  142  14:11  SCV x2, Supply Depot  
  142  14:13  SCV  
  142  14:14  Marine x2  
  142  14:15  Marine, Marauder x2, Terran Infantry Weapons Level 3  
  152  14:18  Terran Infantry Armor Level 3  
  152  14:23  SCV  
  153  14:34  Marine  
  153  14:35  Marine x5  
  153  14:36  Marine, Marauder x2  
  164  14:38  Siege Tank  
  164  14:41  Planetary Fortress  
  167  14:52  Marine x2  
  167  14:53  Marine  
  167  14:55  SCV x2  
  167  14:58  Marauder x2  
  176  15:15  Refinery  
  176  15:18  Refinery  
  174  15:29  Marine x2  
  174  15:30  Marauder x3  
  180  15:53  Marine x2, Marauder x2  
  184  16:07  Marine x4  
  184  16:08  Marauder  
  184  16:11  Marine x2  
  191  16:15  Marauder x2  
  195  16:25  Marine x2  
  195  16:29  Marauder  
  198  16:34  Marine x2  
  198  16:35  Marine  
  198  16:39  Marine  
  191  16:40  Marine, Marauder  
  191  16:43  Marine x2  
  197  16:51  Marauder  
  197  16:52  Marine x2  
  196  16:58  Marauder  
  196  17:00  Marine x3  
  196  17:01  Marine, Marauder  
  192  17:09  Marine  
  192  17:10  Marine  
  192  17:12  Marauder  
  196  17:19  Marauder  
  189  17:23  Marauder  
  168  17:32  Marine x5  
  168  17:33  Marine, Marauder  
  173  17:41  Marauder  
  174  17:44  Marauder  
  174  17:50  Marine x5  
  176  17:55  Marauder  
  164  18:02  Marauder  
  160  18:06  Marauder  
  160  18:09  Marine x6  
  166  18:16  Marauder  
Tags
 
Add a new tag
Caveats
  • Supply blocks, unpowered buildings, or Contaminate may cause inaccurate times.
  • Supply counts are checked every 10 seconds.